Reyda the Knife, lawful female dwarven Cavewoman --------- ------------- ------- |.......| |.......|...| |.....|* ----.......-------...........| |--...-|- |...................[......-|- --.....%.| -- |--........*..<..*.........|. |...*...-- ...-----..................^.)[....|. |.-..---- -..I.....|.....................--| |-..-- -----------..................---.----------..-- |.*-...-..............---.......)........-- ------------........--- ------------...--| --------- ---..(-- ----- -------- --...---...-- --......-- ---........| |........| |.......-- --......-| |--..---- ------..------...-- .*-...........| ------------- Reyda the Knife the Wanderer Experience level: 8 Strength: 18 Dexterity: 16 Constitution: 20 Intelligence: 8 Wisdom: 11 Charisma: 7 Health: 0(101) Energy: 16(16) Def: 5 Gold: 229 Moves: 7272 Dungeon seed: sVqH1sz3SO_al9kP Game ID: Reyda the Knife_1529777469 Your Inventory: Coins $ - 229 gold pieces Amulets d - an uncursed amulet of ESP (being worn) h - a cursed amulet of restful sleep Weapons a - an uncursed +1 club (weapon in hand) b - an uncursed +2 sling (alternate weapon; not wielded) g - an uncursed +0 orcish dagger p - an uncursed +0 spear t - an uncursed +0 elven dagger C - an uncursed +0 long sword Armor q - an uncursed +0 leather armor (being worn) r - an uncursed +0 elven cloak (being worn) y - an uncursed +0 pair of leather gloves (being worn) z - an uncursed +0 pair of water walking boots (being worn) Comestibles L - an uncursed lizard corpse P - an uncursed sprig of wolfsbane Z - an uncursed fortune cookie Rings f - an uncursed ring of invisibility (on left hand) Wands c - an uncursed wand of sleep (0:4) i - an uncursed wand of light (0:11) j - an uncursed wand of magic missile (0:5) Tools e - an uncursed lock pick s - an uncursed sack u - an uncursed +0 unicorn horn w - an uncursed bag of holding Q - a cursed magic lamp (lit) Gems H - 16 uncursed flint stones (in quiver) Contents of the bag of holding: 1415 gold pieces 2 uncursed apples an uncursed carrot an uncursed cream pie 2 uncursed food rations an uncursed fortune cookie 2 uncursed tripe rations 4 uncursed scrolls of blank paper an uncursed scroll of create monster 2 uncursed scrolls of earth a blessed scroll of enchant weapon an uncursed scroll of scare monster 2 uncursed scrolls of teleportation an uncursed potion of booze an uncursed potion of confusion a potion of holy water an uncursed potion of object detection 2 uncursed potions of oil a cursed potion of speed 2 uncursed potions of water an uncursed ring of fire resistance a cursed ring of hunger a cursed ring of hunger a cursed -1 ring of protection an uncursed ring of warning an uncursed wand of light (0:15) an uncursed wand of light (0:12) an uncursed wand of magic missile (0:7) an uncursed wand of speed monster (0:3) a blessed tallow candle (0:200) 7 uncursed wax candles (0:400) Spells and supernatural/magical abilities: Name Level Category Fail Memory l - light 1 divination 78% 73% T - turn undead 6 clerical 100% 86% W - pray for help -- divine ? -- Your skills at the end: Fighting Skills bare handed combat [Basic] Weapon Skills club [Expert] sling [Basic] Spellcasting Skills Final Attributes: You were piously aligned. You were poison resistant. You were telepathic. You had infravision. You were invisible. You were stealthy. You could walk on water. You were fast. You are dead. Vanquished creatures: 2 giant mimics a hezrou a stalker 3 small mimics a large cat a quivering blob 3 leprechauns an orc-captain a giant spider a lizard a jaguar a gray unicorn a snake an ape a wood nymph a mountain nymph a rock piercer a pony 2 fog clouds 2 shriekers a gnome lord a red naga hatchling 3 black naga hatchlings a paper golem a baby crocodile 2 little dogs 2 kittens 2 kobold lords 3 kobold shamans 2 hill orcs a rothe 2 centipedes 3 giant bats a monkey 2 orc zombies a werejackal 3 iguanas 2 killer bees 2 coyotes 3 hobbits 7 manes 2 large kobolds a hobgoblin 3 brown molds a yellow mold a green mold 8 gnomes 4 geckos 7 jackals 3 foxes 5 kobolds 9 goblins 4 sewer rats 8 grid bugs 2 bats 16 lichens a kobold zombie 14 newts 161 creatures vanquished. Voluntary challenges: You had been an atheist until turn 5848. You used a wielded weapon 247 times, starting on turn 132. You read items or engraved 50 times, starting on turn 1796. You never genocided any monsters. You never polymorphed an object. You never changed form. You used no wishes. You never split a pudding. You never wrote Elbereth's name. You never violated your personal moral code. Dungeon overview: The Dungeons of Doom: levels 1 to 6 Level 1 some fountains a long staircase Level 2 a wand shop, some fountains Level 3 Level 4 a general store stairs to The Gnomish Mines Level 5 many fountains Level 6 a fountain, a sink stairs to Sokoban The Gnomish Mines: levels 5 to 12 Level 5 stairs to The Dungeons of Doom Level 6 Level 7 Level 8 many shops, a temple to Ishtar, some fountains, some trees Level 9 Level 10 Level 11 Level 12 <- You were here Sokoban: levels 2 to 5 Level 2 Level 3 Level 4 Level 5 stairs to The Dungeons of Doom History has recorded: On T:1 you entered the Dungeons of Doom to retrieve the Amulet of Yendor! On T:223 you advanced to experience level 2. On T:360 you advanced to experience level 3. On T:449 you reached level 2 of The Dungeons of Doom. On T:1062 you reached level 3 of The Dungeons of Doom. On T:1459 you advanced to experience level 4. On T:1552 you reached level 4 of The Dungeons of Doom. On T:1879 you reached level 5 of The Dungeons of Doom. On T:2218 you advanced to experience level 5. On T:2367 you reached level 6 of The Dungeons of Doom. On T:2492 you reached level 4 of Sokoban. On T:2768 you reached level 3 of Sokoban. On T:3230 you reached level 2 of Sokoban. On T:3665 you reached level 1 of Sokoban. On T:3671 you advanced to experience level 6. On T:4931 you advanced to experience level 7. On T:5037 you reached level 1 of The Gnomish Mines. On T:5277 you reached level 2 of The Gnomish Mines. On T:5585 you reached level 3 of The Gnomish Mines. On T:5812 you reached level 4 of The Gnomish Mines. On T:6177 you reached level 5 of The Gnomish Mines. On T:6282 you reached level 6 of The Gnomish Mines. On T:6467 you reached level 7 of The Gnomish Mines. On T:6713 you reached level 8 of The Gnomish Mines. On T:6793 you advanced to experience level 8. Score breakdown: Gold: 1644 (10940 points) Experience: 8 levels (14739 points) Exploration: 12 levels ( 22.64%) (13797 points) Discoveries: 19 items ( 6.48%) ( 7639 points) Valuables value: (no points given unless you survive) Artifact value: 0 ( 0 points) Variety of kills: 58 monsters ( 15.22%) (11705 points) Turncount: 7272 turns (-1908 points) Survival: died (score multiplied by 80%) Total score: 45529 Latest messages: The gnome bumps right into you! (3x) The air elemental bumps right into you! The owlbear hits! (2x) You hit the owlbear! The owlbear hits! (2x) The gnome bumps right into you! You hit the owlbear! (2x) The owlbear hits! (2x) The owlbear grabs you! The sleep ray hits the owlbear. The owlbear's grip relaxes. The sleep ray bounces! The sleep ray hits the owlbear. The sleep ray hits you! It hits! (4x) It just misses! (2x) It hits! (2x) You die... The sack is empty. The sack is empty. Final status: Goodbye Reyda the Knife the Cavewoman, killed by a dwarf zombie, while sleeping... You died in The Gnomish Mines on dungeon level 12 with 45529 points, and 1644 pieces of gold, after 7272 moves. You were level 8 with a maximum of 101 hit points when you died.